 Dungeon Crawl Stone Soup version 0.20.1-1-g8b1a95d (webtiles) character file.

5681 kae the Spear-Bearer (level 10, -6/98 HPs)
             Began as a Naga Fighter on Sept 26, 2017.
             Mangled by a yak (11 damage)
             ... on level 9 of the Dungeon.
             The game lasted 00:11:48 (10141 turns).

kae the Spear-Bearer (Naga Fighter)                Turns: 10141, Time: 00:11:49

Health: -6/98      AC: 11    Str: 26      XL:     10   Next: 75%
Magic:  10/10      EV:  5    Int:  7 (9)  God:
Gold:   358        SH:  9    Dex: 10      Spells: 9/9 levels left

rFire    . . .     SeeInvis +   a - +1 trident
rCold    . . .     Gourm    .   c - +0 shield
rNeg     . . .     Faith    .   b - +1 scale mail
rPois    +         Spirit   .   (no helmet)
rElec    .         Reflect  .   x - +0 cloak
rCorr    .         Harm     .   e - +0 pair of gloves
MR       +....                  (no barding)
Stlth    +.........             (no amulet)
Regen    0.3/turn               g - +4 ring of strength
MPRegen  0.2/turn               k - ring of stealth

@: hasted, quick
A: see invisible, deformed body, poison resistance, slowness 2, slow metabolism
1, spit poison 1, wild magic 1, evolution 1, AC +3
a: Spit Poison


You were on level 9 of the Dungeon.
You were not hungry.

You visited 2 branches of the dungeon, and saw 10 of its levels.

You collected 358 gold pieces.

Inventory:

Hand Weapons
 a - a +1 trident (weapon)
 w - a cursed +4 halberd
 z - a +0 scythe
Armour
 b - a +1 scale mail (worn)
 c - a +0 shield (worn)
 e - a +0 pair of gloves (worn)
 x - a +0 cloak (worn)
Jewellery
 g - a +4 ring of strength (left hand)
 k - a ring of stealth (right hand)
Wands
 m - a wand of digging (21/24)
 s - a wand of enslavement (14/24)
 B - a wand of digging (13/24)
 C - a wand of paralysis (11/24)
 F - a wand of random effects (15/48)
 H - a wand of iceblast (6/15)
Scrolls
 i - 3 scrolls of magic mapping
 o - 3 scrolls of enchant armour
Potions
 d - 2 potions of flight
 t - a potion of magic
 A - a potion of brilliance
 D - a potion of degeneration
Books
 u - a book of Misfortune

   Spells                             Type                      Level
   a - Confusing Touch                Hexes                        1
   b - Confuse                        Hexes                        3
   c - Gell's Gravitas                Translocation                3
   d - Petrify                        Transmutation/Earth          4
   e - Metabolic Englaciation         Hexes/Ice                    5
   f - Yara's Violent Unravelling     Hexes/Transmutation          5
 y - a book of Party Tricks

   Spells                             Type                      Level
   a - Summon Butterflies             Summoning                    1
   b - Apportation                    Translocation                1
   c - Lesser Beckoning               Translocation                3
   d - Tukima's Dance                 Hexes                        3
   e - Alistair's Intoxication        Transmutation/Poison         5
   f - Invisibility                   Hexes                        6
 E - a book of Callings

   Spells                             Type                      Level
   a - Summon Small Mammal            Summoning                    1
   b - Call Imp                       Summoning                    2
   c - Call Canine Familiar           Summoning                    3
   d - Summon Guardian Golem          Hexes/Summoning              3
   e - Summon Lightning Spire         Summoning/Air                4
   f - Summon Ice Beast               Ice/Summoning                4
Comestibles
 f - 2 bread rations
 h - 11 chunks of flesh
 j - 2 fruits
 l - 3 meat rations
 v - 11 royal jellies


   Skills:
 + Level 8.4 Fighting
 * Level 11.4 Polearms
 + Level 6.9 Armour
 - Level 2.4 Shields


You had 9 spell levels left.
You didn't know any spells.

Dungeon Overview and Level Annotations

Branches:
Dungeon (9/15)             Temple (1/1) D:4
   Lair: D:8-11         Orc: D:9-12

Altars:
Ashenzari
Cheibriados
Dithmenos
Elyvilon
Fedhas
Hepliaklqana
Kikubaaqudgha
Okawaru
Qazlal
Ru
Trog
Uskayaw
Vehumet
Zin

Shops:
D:5 *


Innate Abilities, Weirdness & Mutations

You cannot wear boots.
Your serpentine skin is tough. (AC +3)
You have supernaturally acute eyesight. (SInv)
Armour fits poorly on your strangely shaped body.
Your system is resistant to poisons. (rPois)
You cover ground very slowly.
You have a slow metabolism.
You can spit poison.
Your spells are a little harder to cast, but a little more powerful.
You evolve.


Message History

The wyvern bites you.
* * * LOW HITPOINT WARNING * * *
You block the yak's attack.
You puncture the wyvern!
You kill the wyvern!
You hit the orc.
The orc is moderately wounded.
You block the yak's attack.
You puncture the orc!
You kill the orc!
There is an open door here.
Things that are here:
a flail; an orc corpse An orc warrior and an ogre come into view.
You block the orc warrior's attack.
There is an open door here.
You closely miss the orc warrior. You block the yak's attack.
The yak gores you!
You die...

# #...#.......
#.#####.'.#
#......o### ####o####
#.## #.# .# ####'# .#
.....# # #####'###
###.## .# #.o@....#
....# .8###.YY....#
########'###.O.......#
#....[[[....o#..o....#
#.#Z##########..O....#
#.#..o....# ####Y####
########O## #.#
####o.Z..# #Y#
#....##### #.##


You could see 4 yaks, 2 orc warriors, 2 ogres and an orc.

Vanquished Creatures
  An unseen horror (D:8)
  A troll (D:9)
  A wyvern (D:9)
  6 yaks (D:9)
  Sigmund (D:5)
  A hungry ghost (D:8)
  Edmund (D:6)
  A water moccasin (D:8)
  4 orc warriors (D:9)
  2 sky beasts
  An ogre (D:9)
  3 phantoms
  4 centaurs
  3 bullfrogs
  A big kobold (D:9)
  3 scorpions
  4 wights (D:8)
  9 killer bees
  A howler monkey (D:6)
  A bullfrog zombie (D:8)
  5 crimson imps
  A quasit (D:7)
  3 hounds
  An orc priest (D:5)
  Crazy Yiuf (D:7)
  3 jellies (D:8)
  A bullfrog skeleton (D:5)
  Jessica (D:2)
  7 orc wizards
  2 iguanas
  5 worker ants
  A worker ant zombie (D:6)
  Robin (D:3)
  3 gnolls (D:4)
  11 adders
  2 shadow imps
  6 oozes
  2 adder zombies
  An adder skeleton (D:8)
  3 worms
  2 dart slugs (D:1)
  8 leopard geckos
  28 orcs
  3 giant cockroaches
  14 goblins
  11 hobgoblins
  4 quokkas
  10 bats
  8 frilled lizards
  8 kobolds
  7 rats
212 creatures vanquished.

Vanquished Creatures (others)
  A wizard (D:4)
1 creature vanquished.

Grand Total: 213 creatures vanquished

Notes
Turn   | Place    | Note
-------+----------+-------------------------------------------
     0 | D:1      | kae the Naga Fighter began the quest for the Orb.
     0 | D:1      | Reached XP level 1. HP: 21/21 MP: 1/1
   215 | D:1      | Reached XP level 2. HP: 16/28 MP: 2/2
   873 | D:1      | Reached XP level 3. HP: 27/34 MP: 3/3
   944 | D:2      | Reached skill level 3 in Polearms
  1236 | D:2      | Noticed Jessica
  1250 | D:2      | Killed Jessica
  1250 | D:2      | Reached XP level 4. HP: 30/42 MP: 4/4
  1722 | D:2      | Found a snail-covered altar of Cheibriados.
  1722 | D:2      | Found a glowing silver altar of Zin.
  1968 | D:3      | Reached XP level 5. HP: 49/50 MP: 5/5
  1981 | D:3      | Noticed Robin
  1993 | D:3      | Killed Robin
  2217 | D:3      | Reached skill level 4 in Polearms
  2934 | D:4      | Found a staircase to the Ecumenical Temple.
  3003 | D:4      | Reached XP level 6. HP: 45/57 MP: 6/6
  3413 | D:4      | Found a bloodstained altar of Trog.
  3414 | D:4      | Noticed a wizard
  3419 | D:4      | Killed a wizard
  3467 | D:5      | Entered Level 5 of the Dungeon
  3506 | Temple   | Entered the Ecumenical Temple
  3876 | D:5      | Reached skill level 5 in Polearms
  4204 | D:5      | Reached XP level 7. HP: 37/66 MP: 7/7
  4348 | D:5      | Noticed Sigmund
  4357 | D:5      | Killed Sigmund
  4357 | D:5      | Reached skill level 5 in Fighting
  4526 | D:5      | Reached skill level 6 in Polearms
  4681 | D:5      | Found Losmumix's Elemental Accessories.
  4848 | D:6      | Noticed Edmund
  4867 | D:6      | Killed Edmund
  4867 | D:6      | Reached XP level 8. HP: 62/75 MP: 8/8
  5012 | D:6      | Reached skill level 7 in Polearms
  5796 | D:7      | Reached skill level 8 in Polearms
  6176 | D:7      | Reached skill level 5 in Armour
  6316 | D:7      | Found a runed door.
  6459 | D:7      | Reached XP level 9. HP: 79/82 MP: 9/9
  6836 | D:7      | Noticed Crazy Yiuf
  6840 | D:7      | Killed Crazy Yiuf
  6920 | D:8      | Noticed an unseen horror
  6929 | D:8      | Killed an unseen horror
  6929 | D:8      | Reached skill level 9 in Polearms
  7799 | D:8      | Reached skill level 10 in Polearms
  7941 | D:8      | Reached XP level 10. HP: 78/94 MP: 10/10
  8486 | D:9      | Noticed a two-headed ogre
  9100 | D:9      | Gained mutation: You evolve. [potion of mutation]
  9100 | D:9      | Gained mutation: Your spells are a little harder to cast, but a little more powerful. [potion of mutation]
  9146 | D:9      | Reached skill level 11 in Polearms
 10129 | D:9      | HP: 2/98 [wyvern (4)]
 10141 | D:9      | Mangled by a yak

Skill      XL: |  1  2  3  4  5  6  7  8  9 10 |
---------------+-------------------------------+-----
Polearms       | 3 4 5 6 8 10 11 | 11.4
Armour         | 3 4 5 6 |  6.9
Fighting       | 4 5 6 7 8 |  8.4
Shields        | |  2.4

Action                   |  1- 3 |  4- 6 |  7- 9 | 10-12 || total
-------------------------+-------+-------+-------+-------++-------
Melee: Trident           |    87 |   319 |   415 |   295 ||  1116
 Abil: Spit Poison       |     6 |     3 |    21 |    14 ||    44
  Use: Scroll            |       |     6 |     7 |     4 ||    17
       Potion            |       |       |     4 |    13 ||    17
  Eat: Chunk             |       |    10 |    11 |     3 ||    24
       Bread ration      |       |       |       |     3 ||     3
Armor: Scale mail        |    24 |   140 |   158 |    94 ||   416
Dodge: Dodged            |    14 |    60 |    80 |    42 ||   196
Block: Shield            |    46 |   139 |   152 |    93 ||   430
